 Dungeon Crawl Stone Soup version 0.18-a0-5-gf1fb587 (webtiles) character file.

739 Raultor the Archer (level 7, 0/32 HPs)
             Began as a Spriggan Arcane Marksman on Oct 31, 2015.
             Slain by an orc
             ... wielding a +0 flail
              (7 damage)
             ... on level 5 of the Dungeon.
             The game lasted 00:20:37 (5004 turns).

Raultor the Archer (Spriggan Arcane Marksman)       Turns: 5004, Time: 00:20:37

Health: 0/32       AC:  2    Str:  7    XL:     7   Next: 46%
Magic:  9/10       EV: 18    Int: 15    God:
Gold:   203        SH:  0    Dex: 17    Spells: 3 memorised, 2 levels left

rFire  + . .     SeeInvis +     b - +5 dagger "Voffuff" {freeze, rF+}
rCold  . . .     Clarity  .     c - +0 robe
rNeg   . . .     SustAt   .     (shield restricted)
rPois  .         Gourm    .     (helmet restricted)
rElec  .         Spirit   .     (no cloak)
rCorr  .         Warding  .     (gloves unavailable)
rMut   .         Stasis   .     (boots unavailable)
MR     +....                    (no amulet)
Stlth  ++........               (no ring)
                                (no ring)

@: very quick, somewhat resistant to hostile enchantments, unstealthy
A: unfitting armour, see invisible, herbivore 3, speed 3, slow metabolism 2
a: no special abilities


You were on level 5 of the Dungeon.
You were hungry.

You visited 1 branch of the dungeon, and saw 5 of its levels.

You collected 203 gold pieces.

Inventory:

Hand Weapons
 a - a +0 shortbow
 b - the +5 dagger "Voffuff" (weapon) {freeze, rF+}
   (You found it on level 4 of the Dungeon)

   It has been specially enchanted to freeze those struck by it, causing extra
   injury to most foes and up to half again as much damage against particularly
   susceptible opponents.
   It can also slow down cold-blooded creatures.
   It protects you from fire.
 t - a +0 short sword
 z - a +0 spear of flaming
Missiles
 k - 49 arrows
 v - 6 arrows of frost
Armour
 c - a +0 robe (worn)
Jewellery
 g - an uncursed amulet of clarity {unknown}
 q - an uncursed ring of flight {unknown}
 B - a cursed -3 ring of dexterity {unknown}
Wands
 p - a wand of random effects (33)
Scrolls
 f - a scroll of random uselessness {unknown}
 h - 4 scrolls of identify {unknown}
 o - 3 scrolls of fog {unknown}
 r - 2 scrolls of teleportation {unknown}
 u - a scroll of magic mapping {unknown}
 x - a scroll of noise {unknown}
 y - 2 scrolls of amnesia {unknown}
Potions
 i - a potion of cure mutation
 j - a potion of mutation {unknown}
 l - a potion of curing
 m - 2 potions of invisibility {unknown}
 n - a potion of haste {unknown}
 s - a potion of lignification {unknown}
Books
 d - a book of Debilitation

   Spells                             Type                      Level
   a - Corona                         Hexes                        1
   b - Slow                           Hexes                        2
   c - Gell's Gravitas                Hexes/Translocation          3
   d - Inner Flame                    Hexes/Fire                   3
   e - Cause Fear                     Hexes                        4
   f - Leda's Liquefaction            Hexes/Earth                  4
 A - a book of Geomancy

   Spells                             Type                      Level
   a - Sandblast                      Earth                        1
   b - Stoneskin                      Transmutation/Earth          2
   c - Passwall                       Transmutation/Earth          3
   d - Stone Arrow                    Conjuration/Earth            3
   e - Petrify                        Transmutation/Earth          4
   f - Lee's Rapid Deconstruction     Earth                        5
Comestibles
 e - 2 bread rations


   Skills:
 - Level 0.7 Fighting
 * Level 8.9 Bows
 - Level 3.0 Dodging
 - Level 1.3 Spellcasting
 + Level 6.2 Hexes


You had 2 spell levels left.
You knew the following spells:

 Your Spells              Type           Power        Failure   Level  Hunger
a - Corona                Hex            ###....      1%          1    ##.....
b - Slow                  Hex            ###.....     2%          2    ###....
c - Inner Flame           Hex/Fire       ##......     24%         3    ####...


Dungeon Overview and Level Annotations

Branches:
Dungeon (5/15)
 Temple: D:4-7

Altars:
Makhleb
Nemelex Xobeh
Yredelemnul
The Shining One


Innate Abilities, Weirdness & Mutations

You are tiny and cannot use many weapons and most armour.
You have supernaturally acute eyesight.
You are a herbivore.
You cover ground extremely quickly.
You need consume almost no food.


Message History

The orc completely misses you. The orc closely misses you.
You hit the orc. You freeze the orc.
The orc is heavily wounded.
The orc hits you but does no damage.
You hit the orc but do no damage.
The orc is heavily wounded.
The orc completely misses you. x2
You hit the orc but do no damage.
The orc is heavily wounded.
The orc barely misses you.
You hit the orc. You freeze the orc.
The orc explodes!
The fiery explosion engulfs you! You resist.
The fiery explosion engulfs the orc.
You kill the orc!
You are engulfed in roaring flames.
You resist.
* * * LOW HITPOINT WARNING * * *
You hear a shout!
The orc hits you with a flail!
You die...

##.. ###
#......#
#.#.##.######.
#
#.#..o........
#.##.#..#@#
o..o....#§#
#....§§#
#...<#.#
#......#
########


You could see an orc.

Vanquished Creatures
  Eustachio (D:4)
  An ogre (D:4)
  A phantom (D:4)
  2 scorpions (D:4)
  The ghost of Kolbur the Chiller, a weakling MfIE (D:3)
  An iguana (D:4)
  An orc wizard (D:4)
  An orc priest (D:4)
  Jessica (D:2)
  4 gnolls
  Robin (D:2)
  6 adders
  An adder skeleton (D:4)
  3 worms
  10 orcs
  5 bats
  6 giant cockroaches
  11 goblins
  9 hobgoblins
  3 jackals (D:2)
  A quokka (D:2)
  4 giant newts
  7 kobolds
  8 rats
89 creatures vanquished.

Notes
Turn   | Place    | Note
--------------------------------------------------------------
     0 | D:1      | Raultor the Spriggan Arcane Marksman began the quest for the Orb.
     0 | D:1      | Reached XP level 1. HP: 9/9 MP: 3/3
     0 | D:1      | Noticed an octopode
     3 | D:1      | Noticed a troll
     5 | D:1      | Noticed a centaur
     5 | D:1      | Noticed a gargoyle
     8 | D:1      | Noticed an elf
     9 | D:1      | Noticed a spriggan
    10 | D:1      | Noticed an elf
    12 | D:1      | Noticed a draconian
    12 | D:1      | Noticed a human
    14 | D:1      | Noticed a troll
    16 | D:1      | Noticed a minotaur
    18 | D:1      | Noticed a troll
    18 | D:1      | Noticed a naga
    18 | D:1      | Noticed a draconian
    20 | D:1      | Noticed a vampire
    20 | D:1      | Noticed a ghoul
    22 | D:1      | Noticed a naga
   178 | D:1      | Reached skill level 4 in Hexes
   519 | D:1      | Reached XP level 2. HP: 12/14 MP: 5/5
   526 | D:1      | Learned a level 2 spell: Slow
   890 | D:2      | Reached XP level 3. HP: 17/17 MP: 6/6
  1045 | D:2      | Noticed Jessica
  1047 | D:2      | Killed Jessica
  1047 | D:2      | Reached XP level 4. HP: 19/21 MP: 7/7
  1079 | D:2      | Reached skill level 5 in Bows
  1162 | D:2      | Found a basalt altar of Yredelemnul.
  1262 | D:2      | Noticed Robin
  1274 | D:2      | Killed Robin
  1377 | D:2      | Found a burning altar of Makhleb.
  1378 | D:2      | Found a glowing golden altar of the Shining One.
  1501 | D:2      | Reached XP level 5. HP: 25/25 MP: 6/8
  1909 | D:3      | Learned a level 3 spell: Inner Flame
  1916 | D:3      | Noticed Kolbur's ghost (weakling MfIE)
  1964 | D:3      | Killed Kolbur's ghost
  1964 | D:3      | Reached skill level 6 in Bows
  3133 | D:4      | Got a crystal dagger
  3134 | D:4      | Identified the +5 dagger "Voffuff" {freeze, rF+} (You found it on level 4 of the Dungeon)
  3187 | D:4      | Noticed Eustachio
  3219 | D:4      | Killed Eustachio
  3219 | D:4      | Reached skill level 7 in Bows
  3219 | D:4      | Reached skill level 5 in Hexes
  3219 | D:4      | Reached XP level 6. HP: 19/29 MP: 7/9
  3706 | D:4      | Found a sparkling altar of Nemelex Xobeh.
  3836 | D:4      | Reached skill level 8 in Bows
  3836 | D:4      | Reached XP level 7. HP: 5/32 MP: 10/10
  4170 | D:4      | Noticed a phantom
  4195 | D:4      | Killed a phantom
  4983 | D:5      | Entered Level 5 of the Dungeon
  5004 | D:5      | Slain by an orc

Vault maps used:
D:1:      shiori_arrival_whats_in_store_for_you, kennysheep_nondescript
D:2:      gammafunk_temple_overflow_forgotten, minmay_goblin_kobold_house,
          uniq_jessica, uniq_robin
D:3:      serial_park_tiny_1
D:4:      first_bread, nemelex_lonely_heart_becter, uniq_eustachio
D:5:      nemelex_deck, uniq_sigmund

Action                   |  1- 3 |  4- 6 |  7- 9 || total
-------------------------+-------+-------+-------++-------
Melee: Spear             |    19 |    31 |       ||    50
       Dagger            |       |    33 |    30 ||    63
 Fire: Shortbow          |    58 |   187 |    50 ||   295
 Cast: Corona            |     3 |    11 |     2 ||    16
       Slow              |       |       |     9 ||     9
       Inner Flame       |       |       |     1 ||     1
  Use: Potion            |       |     2 |       ||     2
  Eat: Pizza             |       |       |     1 ||     1
